 Dungeon Crawl Stone Soup version 0.19.1-1-g22dce08 (webtiles) character file.

84 spooks32 the Gusty (level 4, -1/29 HPs)
             Began as a High Elf Air Elementalist on Jan 7, 2017.
             Slain by a gnoll
             ... wielding a +0 club
              (9 damage)
             ... on level 2 of the Dungeon.
             The game lasted 00:11:32 (2632 turns).

spooks32 the Gusty (High Elf Air Elementalist)      Turns: 2632, Time: 00:11:33

Health: -1/29      AC:  3    Str:  7    XL:     4   Next: 24%
Magic:  2/9        EV: 12    Int: 20    God:
Gold:   201        SH:  0    Dex: 15    Spells: 3 memorised, 3 levels left

rFire  . . .     SeeInvis .     q - +0 glaive
rCold  . . .     Gourm    .     i - +0 leather armour (curse)
rNeg   . . .     Faith    .     (shield currently unavailable)
rPois  .         Spirit   .     (no helmet)
rElec  .         Reflect  .     (no cloak)
rCorr  .         Harm     .     (no gloves)
MR     .....                    (no boots)
Stlth  ++........               (no amulet)
                                (no ring)
                                (no ring)

@: swift, very slightly contaminated, very quick
A: no striking features
a: no special abilities


You were on level 2 of the Dungeon.
You were not hungry.

You visited 1 branch of the dungeon, and saw 3 of its levels.

You collected 201 gold pieces.

Inventory:

Hand Weapons
 q - a +0 glaive (weapon)
Armour
 a - a +0 robe
 i - a cursed +0 leather armour (worn)
Scrolls
 n - a scroll of identify
Potions
 e - a potion of heal wounds
 h - a potion of curing {unknown}
 j - a potion of agility
 o - a potion of mutation {unknown}
 p - a potion of might {unknown}
Books
 b - a book of Air

   Spells                             Type                      Level
   a - Shock                          Conjuration/Air              1
   b - Swiftness                      Charms/Air                   2
   c - Repel Missiles                 Charms/Air                   2
   d - Static Discharge               Conjuration/Air              3
   e - Lightning Bolt                 Conjuration/Air              5
Comestibles
 k - 2 meat rations


   Skills:
 * Level 1.8 Fighting
   Level 0.2 Short Blades
 - Level 2.1 Dodging
 - Level 2.1 Stealth
 * Level 2.7 Spellcasting
 - Level 2.2 Conjurations
 - Level 0.2 Charms
 + Level 4.7 Air Magic


You had 3 spell levels left.
You knew the following spells:

 Your Spells              Type           Power        Failure   Level  Hunger
a - Shock                 Conj/Air       ###.         6%          1    None
b - Repel Missiles        Chrm/Air       ##....       14%         2    ##.....
c - Swiftness             Chrm/Air       ##......     14%         2    ##.....


Dungeon Overview and Level Annotations

Branches:
Dungeon (3/15)

Altars:
Elyvilon
Fedhas
The Shining One

Annotations:
D:2 Natasha


Message History

The fungus is lightly damaged.
The zap hits the fungus.
The fungus is lightly damaged.
Casting: Shock
Confirm with . or Enter, or press ? or * to list all spells.
You feel quick.
The gnoll hits you from afar with a spear.
The gnoll hits you with a spear.
You hit the gnoll but do no damage.
The gnoll is lightly wounded.
The gnoll hits you but does no damage. The gnoll hits you with a spear. x2
The gnoll barely misses you.
You closely miss the gnoll.
The gnoll is lightly wounded.
The gnoll hits you with a spear. The gnoll hits you with a club.
* * * LOW HITPOINT WARNING * * *
You slash the gnoll!
The gnoll is almost dead.
The gnoll hits you but does no damage. The gnoll hits you with a club!
You die...

#g######## #.#.##.#
#.)(.....#
#.#..#.###
#...(....# #.#......
#...g....###.#....#
#.......PPP...#..#
#....g.PPPPP...)>#
###.....P_PP.#####
#####.P...P....##
##..@g..PPP...#..#
#...#g).[##.#.##.#
#...####....#.##.#
#...# #....#....#
###...#######.######
#.............#
#.#.###########
#.#.### #.....#


You could see 2 gnolls.

Vanquished Creatures
  A gnoll (D:2)
  2 adders (D:3)
  2 dart slugs
  5 orcs (D:3)
  10 bats
  3 giant cockroaches
  4 goblins
  8 hobgoblins
  3 frilled lizards
  6 kobolds
  2 rats (D:1)
46 creatures vanquished.

Notes
Turn   | Place    | Note
-------+----------+-------------------------------------------
     0 | D:1      | spooks32 the High Elf Air Elementalist began the quest for the Orb.
     0 | D:1      | Reached XP level 1. HP: 11/11 MP: 4/4
   353 | D:1      | Reached XP level 2. HP: 18/18 MP: 3/6
   385 | D:1      | Learned a level 2 spell: Repel Missiles
   388 | D:1      | Learned a level 2 spell: Swiftness
   401 | D:1      | Reached skill level 4 in Air Magic
  1275 | D:2      | Found a glowing golden altar of the Shining One.
  1403 | D:2      | Reached skill level 1 in Fighting
  1403 | D:2      | Reached XP level 3. HP: 23/23 MP: 5/7
  1442 | D:2      | Found a white marble altar of Elyvilon.
  1472 | D:2      | Noticed Natasha
  2496 | D:3      | Reached XP level 4. HP: 28/28 MP: 3/8
  2536 | D:2      | Found a blossoming altar of Fedhas.
  2632 | D:2      | Slain by a gnoll

Skill      XL: |  1  2  3 |
---------------+----------+-----
Air Magic      | 4 |  4.7
Fighting       | 1 |  1.8
Conjurations   | 2 |  2.2
Short Blades   | |  0.2
Dodging        | |  2.1
Stealth        | |  2.1
Spellcasting   | |  2.7
Charms         | |  0.2

Action                   |  1- 3 |  4- 6 || total
-------------------------+-------+-------++-------
Melee: Unarmed           |     7 |       ||     7
       Spear             |     5 |       ||     5
       Short sword       |    21 |       ||    21
       Glaive            |    15 |     6 ||    21
 Cast: Shock             |    60 |     8 ||    68
       Swiftness         |     1 |     2 ||     3
  Use: Scroll            |     6 |       ||     6
       Potion            |     2 |       ||     2
  Eat: Bread ration      |     1 |       ||     1
       Chunk             |     1 |       ||     1
Armor: Robe              |     2 |       ||     2
       Leather armour    |    13 |     7 ||    20
Dodge: Dodged            |    61 |     6 ||    67
